 Dungeon Crawl Stone Soup version 0.13-a0-2739-gace2dc1 (webtiles) character file.

160 Zylkyth the Vexing (level 4, 0/29 (30) HPs)
             Began as a Vampire Enchanter on Aug 21, 2013.
             Slain by an adder (3 damage)
             ... on Level 2 of the Dungeon.
             The game lasted 00:10:58 (2253 turns).

Zylkyth the Vexing (Vampire Enchanter)              Turns: 2253, Time: 00:10:58

HP   0/29 (30)   AC  3     Str  7      XL: 4   Next:  5%
MP   2/8         EV 12     Int 16 (18) God:
Gold 89          SH  0     Dex 14      Spells:  2 memorised,  1 level left

Res.Fire  : . . .   See Invis. : +   a - +1 dagger {=f}
Res.Cold  : + . .   Warding    : .   b - +1 robe
Life Prot.: + + .   Conserve   : .   (no shield)
Res.Poison: +       Res.Corr.  : .   (no helmet)
Res.Elec. : .       Clarity    : .   (no cloak)
Sust.Abil.: . .     Spirit.Shd : .   (no gloves)
Res.Mut.  : .       Stasis     : .   (no boots)
Res.Rott. : +       Flight     : .   (no amulet)
Saprovore : . . .                    (no ring)
                                     (no ring)

@: regenerating slowly, slowed, very slow, slightly resistant to hostile
enchantments, quite stealthy
A: fangs 3, see invisible, unbreathing
a: Bat Form


You were on level 2 of the Dungeon.
You were thirsty.

You visited 1 branch of the dungeon, and saw 3 of its levels.

You collected 69 gold pieces.

Inventory:

Hand weapons
 a - a +1,+1 dagger (weapon) {=f}
Missiles
 d - 12 darts (quivered)
Armour
 b - a +1 robe (worn)
Scrolls
 f - 2 scrolls of remove curse {unknown}
 g - a scroll of fear {unknown}
 h - 3 scrolls of identify {unknown}
 i - a scroll of amnesia {unknown}
 j - a scroll of curse armour {unknown}
Potions
 k - a potion of slowing
Books
 c - a book of Maledictions

   Spells                             Type                      Level
   *Corona                            Hexes                        1
   Sure Blade                         Hexes/Charms                 2
   Ensorcelled Hibernation            Hexes/Ice                    2
   *Confuse                           Hexes                        3
   Enslavement                        Hexes                        4
   Invisibility                       Hexes                        6


   Skills:
 * Level 2.5 Short Blades
 - Level 0.7 Throwing
 - Level 2.1 Dodging
 + Level 4.8 Stealth
 - Level 1.0 Spellcasting
 + Level 5.3 Hexes


You had one spell level left.
You knew the following spells:

 Your Spells              Type           Power        Failure   Level  Hunger
a - Corona                Hex            ###....      2%          1    ##.....
c - Confuse               Hex            ###.....     10%         3    ####...


Dungeon Overview and Level Annotations

Branches:
Dungeon (3/27)

Altars:


Innate Abilities, Weirdness & Mutations

You heal slowly.
You have razor-sharp teeth.*
You have supernaturally acute eyesight.
You can survive without breathing.*


Message History

The adder closely misses you. The adder bites you but does no damage.
You hit the adder.
The adder is severely wounded.
Jessica dies!
You have reached level 4!
The adder bites you.
* * * LOW HITPOINT WARNING * * *
Things that are here:
a club; a robe; the human corpse of Jessica You barely miss the adder.
Your bite misses the adder.
The adder is severely wounded.
Drink blood from the human corpse of Jessica? (ye/n/q/i?) Somehow this blood was not very filling!
You are feeling thirsty.
You continue drinking.
The adder seems less confused.
You continue drinking.
The adder bites you.
You stop draining the corpse.
All blood oozes out of the corpse!
You die...

#.# ###'######## #.#
#..........# #####%###
#..........# #.......#
#..........# #.......#
#..........# #.......#
#.......%..# #.......#
#..........#
##.......########..........#
.'....>.........@S..%......#
##.......###################
######### ##### ....# ###.#
#.# #.# #.#


You could see an adder.

Vanquished Creatures
  Ijyb (D:2)
  4 hobgoblins
  5 jackals
  5 kobolds (D:1)
  9 bats
  2 giant cockroaches
  A giant newt (D:1)
  9 goblins
  6 rats
42 creatures vanquished.

Vanquished Creatures (collateral kills)
  Jessica (D:2)
1 creature vanquished.

Grand Total: 43 creatures vanquished

Notes
Turn   | Place    | Note
--------------------------------------------------------------
     0 | D:1      | Zylkyth, the Vampire Enchanter, began the quest for the Orb.
     0 | D:1      | Reached XP level 1. HP: 13/13 MP: 4/4
   268 | D:1      | Reached XP level 2. HP: 19/19 MP: 5/5
   975 | D:1      | Reached skill level 5 in Hexes
   985 | D:1      | Reached XP level 3. HP: 15/24 MP: 6/6
   990 | D:1      | Learned a level 3 spell: Confuse
  1480 | D:2      | Noticed Ijyb
  1510 | D:2      | Killed Ijyb
  2220 | D:2      | Noticed Jessica
  2247 | D:2      | Killed Jessica
  2247 | D:2      | Reached XP level 4. HP: 5/29 MP: 1/8
  2253 | D:2      | Slain by an adder

Action                   |  1- 3 |  4- 6 || total
-------------------------+-------+-------++-------
Melee: Dagger            |   161 |     1 ||   162
       Unarmed           |     1 |       ||     1
 Cast: Confuse           |     3 |       ||     3
 Abil: End Transformatio |     3 |       ||     3
       Bat Form          |     3 |       ||     3
  Use: Potion            |     5 |       ||     5
 Stab: Sleeping          |     6 |       ||     6
